 Dungeon Crawl Stone Soup version 0.28-a0-1356-g2ad6d04315 (webtiles) character file.

Game seed: 10910232372315489567

37 Turgor the Skirmisher (level 3, -1/29 HPs)
             Began as a Demonspawn Abyssal Knight on Dec 30, 2021.
             Was a Follower of Lugonu.
             Succumbed to a goblin's poison
             ... on level 2 of the Dungeon.
             The game lasted 00:06:10 (1278 turns).

Turgor the Skirmisher (Demonspawn Abyssal Knight)   Turns: 1278, Time: 00:06:10

Health: -1/29      AC:  3    Str: 15    XL:     3   Next: 21%
Magic:  4/4        EV: 11    Int: 11    God:    Lugonu [*.....]
Gold:   90         SH:  0    Dex: 13    Spells: 2/2 levels left

rFire   . . .      SeeInvis .   a - +1 hand axe
rCold   . . .      Faith    .   (no shield)
rNeg    + . .      Spirit   .   b - +0 leather armour
rPois   .          Reflect  .   (no helmet)
rElec   .          Harm     .   (no cloak)
rCorr   .          Rampage  .   (no gloves)
Will    .....                   (no boots)
Stlth   +.........              (no amulet)
HPRegen 0.09/turn               m - ring of positive energy
MPRegen 0.09/turn               (no ring)

@: lethally poisoned (-1 -> -19)
A: claws 1
a: Renounce Religion, Depart the Abyss


You were on level 2 of the Dungeon.
You worshipped Lugonu.
Lugonu was aware of your devotion.
You visited 1 branch of the dungeon, and saw 2 of its levels.
You visited the Abyss 1 time.

You collected 90 gold pieces.

Inventory:

Hand Weapons
 a - a +1 hand axe (weapon)
Missiles
 c - 39 sling bullets
 d - 11 stones (quivered)
 l - 23 poisoned darts
Armour
 b - a +0 leather armour (worn)
 n - +0 fire dragon scales
Jewellery
 g - an amulet of faith
 m - a ring of positive energy (left claw)
Scrolls
 f - a scroll of teleportation {unknown}
 i - 3 scrolls of magic mapping {unknown}
 j - a scroll of identify {unknown}
 o - a scroll of vulnerability {unknown}
Potions
 e - a potion of berserk rage {unknown}
 h - 2 potions of heal wounds {unknown}
 k - a potion of curing {unknown}
 p - a potion of haste {unknown}


   Skills:
 + Level 3.4 Fighting
 * Level 3.0 Axes
 - Level 1.7 Armour
 - Level 0.8 Dodging
 - Level 2.4 Invocations


You had 2 spell levels left.
You didn't know any spells.
Your spell library contained the following spells:

 Spells                   Type           Power      Damage    Failure   Level
 Alistair's Intoxication  Tmut/Pois      0%         N/A       100%        5
 Borgnjor's Vile Clutch   Necr/Erth      0%         N/A       100%        5
 Eringya's Noxious Bog    Tmut/Pois      0%         N/A       100%        6


Dungeon Overview and Level Annotations

Branches:
Dungeon (2/15)

Altars:


Innate Abilities, Weirdness & Mutations

You have sharp fingernails.


Message History

Found a purple potion.
You see here a +0 club.
Found a stone staircase leading down.
The rat closely misses you.
You barely miss the rat. The rat barely misses you.
You barely miss the rat. The rat misses you.
You hit the rat but do no damage. The rat bites you but does no damage.
You barely miss the rat. The rat barely misses you. The rat bites you.
You hit the rat.
You kill the rat!
Lugonu accepts your kill.
Your Axes skill increases to level 3!
p - a purple potion A goblin comes into view.
It is wielding a +2 dagger of venom.
The goblin shouts!
The goblin unwields a +2 dagger of venom.
It stops dripping with poison.
The goblin wields a +0 hunting sling.
The goblin shoots a stone.
The stone closely misses you.
The goblin shoots a stone.
The stone hits you.
The goblin shoots a stone.
The stone hits you.
The goblin shoots a stone.
The stone hits you but does no damage.
The goblin unwields a +0 hunting sling.
The goblin wields a +2 dagger of venom.
It begins to drip with poison!
The goblin hits you but does no damage.
You are poisoned.
You closely miss the goblin.
You feel sick.
The goblin hits you with a +2 dagger of venom.
You are lethally poisoned!
You hit the goblin.
The goblin is heavily wounded.
You feel very sick.
The goblin hits you with a +2 dagger of venom.
You are more poisoned.
You closely miss the goblin.
The goblin is heavily wounded.
* * * LOW HITPOINT WARNING * * *
You feel very sick. The goblin barely misses you.
You barely miss the goblin.
The goblin is heavily wounded.
You die...

##......)#
######.......########
#.......#+###.......#
#.......#.###.......#
#...................#
#...................#
#...................#
#....g..............#
#@..>....#######
#........# #........#
#........# #........#
#........# ##########


You could see a goblin.

Vanquished Creatures
  An adder (D:2)
  A dart slug (D:2)
  2 ball pythons (D:2)
  3 endoplasms
  A goblin (D:1)
  4 hobgoblins
  3 kobolds (D:2)
  2 quokkas
  2 bats (D:1)
  A frilled lizard (D:1)
  4 rats
24 creatures vanquished.

Notes
Turn   | Place    | Note
-------+----------+-------------------------------------------
     0 | Abyss:1  | Turgor the Demonspawn Abyssal Knight began the quest for
                  | the Orb.
     0 | Abyss:1  | Reached XP level 1. HP: 18/18 MP: 2/2
    49 | Abyss:1  | Found a corrupted altar of Lugonu.
    58 | D:1      | Escaped the Abyss
   400 | D:1      | Gained mutation: You have sharp fingernails. [demonic
                  | ancestry]
   400 | D:1      | Reached XP level 2. HP: 19/24 MP: 3/3
  1236 | D:2      | Reached XP level 3. HP: 25/29 MP: 4/4
  1278 | D:2      | Succumbed to a goblin's poison

Illustrated notes

Levels and vault maps discovered:
D:1:      dpeg_arrival_connections, layout_loops_ring
D:2:      layout_basic, minmay_snake_closets

Skill      XL: |  1  2  3 |
---------------+----------+-----
Axes           | 2 3 |  3.0
Fighting       | |  3.4
Armour         | |  1.7
Dodging        | |  0.8
Invocations    | |  2.4

Action                   || total
-------------------------++-------
Melee: Hand axe          ||    75
Throw: Stone             ||     7
Armor: Leather armour    ||    21
Dodge: Dodged            ||    51

Table legend: (Time is in decaauts)
 A = Elapsed time spent in this place.
 B = Non-inter-level travel time spent in this place.
 C = Inter-level travel time spent in this place.
 D = Time resting spent in this place.
 E = Time spent auto-exploring this place.
 F = Levels seen in this place.
 G = Mean time per level.
                   A        B        C        D        E       F      G
               +--------+--------+--------+--------+--------+-----+--------+
         Total |   1290 |   1259 |     31 |    134 |    743 |   3 |  430.0 |
       Dungeon |   1232 |   1201 |     31 |    134 |    743 |   2 |  616.0 |
         Abyss |     58 |     58 |      0 |      0 |      0 |   1 |   58.0 |
               +--------+--------+--------+--------+--------+-----+--------+

Top non-repeatable levels by time:
     D:1: 794 daAuts
     D:2: 438 daAuts
 Abyss:1: 58 daAuts
